 Dungeon Crawl Stone Soup version 0.30-a0-253-g6b895097cc (webtiles) character file.

Game seed: 15536527067225371090

277 Malachi the Fighter (level 6, 0/77 HPs)
             Began as an Armataur Fighter on Oct 13, 2022.
             Slain by Terence
             ... wielding a +0 flail
              (5 damage)
             ... on level 2 of the Dungeon.
             The game lasted 00:02:38 (833 turns).

Malachi the Fighter (Armataur Fighter)               Turns: 833, Time: 00:02:38

Health: 0/77       AC:  8    Str: 23    XL:     6   Next: 4%
Magic:  6/6        EV:  5    Int:  8    God:
Gold:   87         SH:  4    Dex: 10    Spells: 5/5 levels left

rFire   . . .      SeeInvis .    a - +0 flail
rCold   . . .      Faith    .    c - +0 buckler
rNeg    . . .      Spirit   .    f - +0 chain mail
rPois   .          Reflect  .    (no helmet)
rElec   .          Harm     .    (no cloak)
rCorr   .          Roll     +    (no gloves)
Will    .....                    (no barding)
Stlth   ..........               (no amulet)
HPRegen 0.32/turn                (no ring)
MPRegen 0.10/turn                (no ring)

@: flying
A: large, rugged brown scales 3, deformed body, armoured tail, roll, long
tongue, awkward tongue
a: no special abilities


You were on level 2 of the Dungeon.
You visited 1 branch of the dungeon, and saw 2 of its levels.

You collected 87 gold pieces.

Inventory:

Hand Weapons
 a - a +0 flail (weapon)
Armour
 c - a +0 buckler (worn)
 f - a +0 chain mail (worn)
Scrolls
 e - a scroll of immolation {unknown}
 g - 2 scrolls of identify {unknown}
 i - a scroll of blinking {unknown}
 j - a scroll of poison {unknown}
 k - a scroll of teleportation {unknown}
 l - a scroll of silence {unknown}
Potions
 d - 2 potions of might


   Skills:
 + Level 13.3 Fighting
 + Level 2.4 Maces & Flails
 + Level 4.3 Armour
 + Level 3.9 Shields


You had 5 spell levels left.
You didn't know any spells.
Your spell library was empty.

Dungeon Overview and Level Annotations

Branches:
Dungeon (2/15)

Altars:

Shops:
D:1 ([

Annotations:
D:2 Terence


Innate Abilities, Weirdness & Mutations

You are completely covered in rugged brown scales. (AC +3, +7% HP)
Armour fits poorly on your strangely shaped body.
You have a long armoured tail.
You roll when moving toward enemies. (Rampage)
Your long tongue fully drains potion bottles. (2x potion effects)
Your tongue gives you trouble enunciating. (1.5x scroll delay)


Message History

You are too injured to fight recklessly!
You are too injured to fight recklessly!
You are too injured to fight recklessly!
You are too injured to fight recklessly!
You are too injured to fight recklessly!
You are too injured to fight recklessly!
You are too injured to fight recklessly!
You closely miss the kobold. The kobold hits you but does no damage.
You sock the kobold!
You kill the kobold!
You hit the orc priest.
The orc priest is lightly wounded.
The orc priest hits you but does no damage.
Terence asks, "Do you want it fast or slow?"
You barely miss the orc priest.
The orc priest is lightly wounded.
The orc priest calls down the wrath of Beogh upon you.
Pain shoots through your body! You block the orc priest's attack.
You hit the orc priest. You tail-slap the orc priest!
You kill the orc priest!
You have reached level 4!
You feel agile.
You sock the orc!
You kill the orc!
Terence hits you but does no damage. Terence hits you with a +0 flail.
* * * LOW HITPOINT WARNING * * *
Unknown command.
It was a potion of flight.
You feel very buoyant.
You fly up into the air.
Terence hits you with a +0 flail.
* * * LOW HITPOINT WARNING * * *
It was a potion of experience.
You feel more experienced!
Your Fighting skill gained 10 levels and is now at level 13!
You have reached level 5!
You have reached level 6!
The gnoll hits you with a +0 flail.
* * * LOW HITPOINT WARNING * * *
Terence hits you with a +0 flail.
You die...

.~o~oP~~~~≈~≈≈≈~P
♣~ ♣♣ ♣)~~PP~P~♣ ~
~♣♣. ♣~~~P♣~~~♣
~~♣♣...
#.~♣♣♣P~♣♣♣#......
#w#........# #....
#g###.#.#..###....
#o#...#.#....#####
#g#.###.#........<
#@@.#.............
####.....#........
#.....+...#####
#.....#.... +
#..........# #
##+###...... #
#...####. # #...
.#


You could see Terence, a worm, 2 gnolls and an orc.

Vanquished Creatures
  An orc priest (D:2)
  A dart slug (D:1)
  2 orcs (D:2)
  An endoplasm (D:1)
  4 giant cockroaches
  4 goblins
  3 hobgoblins
  2 jackals (D:1)
  5 kobolds
  3 ball pythons (D:1)
  4 bats
  3 frilled lizards (D:1)
  3 rats (D:1)
36 creatures vanquished.

Vanquished Creatures (others)
  14 plants (D:2)
14 creatures vanquished.

Grand Total: 50 creatures vanquished

Notes
Turn   | Place    | Note
-------+----------+-------------------------------------------
     0 | D:1      | Malachi the Armataur Fighter began the quest for the Orb.
     0 | D:1      | Reached XP level 1. HP: 19/19 MP: 1/1
    68 | D:1      | Found Hined's Antique Weapon Shoppe.
   147 | D:1      | Reached XP level 2. HP: 21/26 MP: 2/2
   283 | D:1      | Found Micaxkis's Armour Emporium.
   289 | D:1      | Reached skill level 3 in Fighting
   517 | D:1      | Reached XP level 3. HP: 33/33 MP: 3/3
   807 | D:2      | Noticed Terence
   831 | D:2      | Reached XP level 4. HP: 12/40 MP: 4/4
   833 | D:2      | Reached skill level 13 in Fighting
   833 | D:2      | Reached XP level 5. HP: 9/68 MP: 5/5
   833 | D:2      | Reached XP level 6. HP: 10/77 MP: 6/6
   833 | D:2      | Slain by Terence

Illustrated notes

Levels and vault maps discovered:
D:1:      shiori_arrival_maze, layout_loops_ring, serial_shops,
          nicolae_square_shop, shop
D:2:      layout_basic, serial_bayou_lake_a, uniq_crazy_yiuf_cottage,
          uniq_terence, uniq_robin, uniq_natasha

Skill      XL: |  1  2  3  4 |
---------------+-------------+-----
Maces & Flails | 2 |  2.4
Armour         | 4 |  4.3
Fighting       | 3 13 | 13.3
Shields        | |  3.9

Action                   |  1- 3 |  4- 6 || total
-------------------------+-------+-------++-------
Melee: Flail             |   101 |     1 ||   102
       Tailslap          |     5 |       ||     5
  Use: Potion            |       |     2 ||     2
Armor: Chain mail        |    75 |     1 ||    76
Dodge: Dodged            |    33 |       ||    33
Block: Buckler           |    18 |       ||    18

Table legend: (Time is in decaauts)
 A = Elapsed time spent in this place.
 B = Non-inter-level travel time spent in this place.
 C = Inter-level travel time spent in this place.
 D = Time resting spent in this place.
 E = Time spent auto-exploring this place.
 F = Levels seen in this place.
 G = Mean time per level.
                   A        B        C        D        E       F      G
               +--------+--------+--------+--------+--------+-----+--------+
         Total |    868 |    846 |     22 |      0 |    605 |   2 |  434.0 |
       Dungeon |    868 |    846 |     22 |      0 |    605 |   2 |  434.0 |
               +--------+--------+--------+--------+--------+-----+--------+

Top non-repeatable levels by time:
     D:1: 796 daAuts
     D:2: 72 daAuts
